Cogmind - Beta 12 *** ADVENTURER MODE // 2023.09.20 @ 15:33:04 Player: Jules Verne Result: Destroyed by G-73 Enforcer with Heavy Laser Performance ------------- Evolutions (9) 4500 Regions Visited (17) 3400 Robots Destroyed (36) 180 Value Destroyed (1406) 1406 Prototype IDs (38) 760 Alien Tech Used (0) 0 Bonus (1300) 1300 TOTAL SCORE: 11546 Bonus ------- Entered DSFs 1000 Aligned with FarCom 300 Cogmind --------- Core Integrity 0/1600 Matter 149/300 Energy 28/100 System Corruption 2% Temperature Cool (9) Movement Core (50) Location -1/Access Parts ------- > --- POWER (2) -------- (None) > --- PROPULSION (6) --- (None) > --- UTILITY (15) ----- Enhanced Optical Array > --- WEAPON (2) ------- (None) > --- INVENTORY (5) ---- Graphene Brace Advanced Force Field Improved Remote Force Field Enhanced Quantum Rifle Advanced Datajack Peak State ------------ > --- POWER ------------ Light Antimatter Reactor Light Particle Reactor > --- PROPULSION ------- Improved Antigrav System Improved Gyrokinetic Inverter Field Propulsion Array Impulse Thruster Array > --- UTILITY ---------- Advanced Weight Redist. System Enhanced Optical Array Improved Signal Interpreter Advanced Signal Interpreter Advanced Terrain Scan Processor Advanced Melee Analysis Suite Improved Transmission Jammer Layered Light Armor Plating Graphene Brace Hacking Suite System Shield > --- WEAPON ----------- Improved Remote Datajack Spear > --- INVENTORY -------- Micro Fission Core Improved Remote Force Field Antimissile System Advanced Component Analysis Suite Linear Accelerator [Rating: 120] Favorites ----------- Power Improved Ion Engine Engine Improved Ion Engine Power Core Light Nuclear Core Reactor Antimatter Reactor Propulsion Flight Unit Treads Light Treads Hover Unit Improved Gyrokinetic Inverter Flight Unit Flight Unit Utility Advanced Terrain Scan Processor Device Improved Terrain Scanner Storage Small Storage Unit Processor Advanced Terrain Scan Processor Hackware System Shield Protection Layered Light Armor Plating Weapon Spear Energy Gun Small Laser Energy Cannon Beam Cannon Ballistic Gun Light Assault Rifle Ballistic Cannon Linear Accelerator Launcher Micro-nuke Launcher Special Weapon Improved Remote Datajack Slashing Weapon Chainsword Piercing Weapon Spear Special Melee Weapon Advanced Datajack Build | -11 -10 -9 -9 -9 -8 -8 -7 -7 -6 -5 -5 -4 -4 -4 -3 -2 -1 ------- Run | Jun Mat Mat Min Exi Min Mat Fac DSF Fac Fac DSF Fac Upp Upp Res Res Acc Slots Evolved 18 | . . 2 . . . 2 2 . 2 2 . 2 . . 2 2 2 Power 1 | . . . . . . . . . . 1 . . . . . . . Propulsion 4 | . . . . . . 1 . . 1 . . 1 . . 1 . . Utility 13 | . . 2 . . . 1 2 . 1 1 . 1 . . 1 2 2 Weapon . | . . . . . . . . . . . . . . . . . . Parts Attached 134 | 6 6 9 . 5 2 7 6 3 13 1 2 14 9 . 20 19 12 Power 15 | 1 1 1 . 1 . . . . 1 . . 1 4 . 2 2 1 Engine 4 | 1 1 1 . 1 . . . . . . . . . . . . . Core 5 | . . . . . . . . . 1 . . . 3 . . 1 . Reactor 6 | . . . . . . . . . . . . 1 1 . 2 1 1 Propulsion 39 | 2 3 5 . . . 1 . 1 3 . 1 1 2 . 13 4 3 Treads 3 | 2 1 . . . . . . . . . . . . . . . . Leg . | . . . . . . . . . . . . . . . . . . Wheel . | . . . . . . . . . . . . . . . . . . Hover 12 | . 2 1 . . . . . . . . . . . . 9 . . Flight 24 | . . 4 . . . 1 . 1 3 . 1 1 2 . 4 4 3 Utility 46 | 1 1 2 . . 2 3 4 2 3 1 . 10 2 . 4 9 2 Device 30 | . 1 1 . . 2 1 1 1 2 1 . 7 . . 3 8 2 Storage 1 | 1 . . . . . . . . . . . . . . . . . Processor 10 | . . 1 . . . 2 2 1 . . . 3 1 . . . . Hackware 3 | . . . . . . . 1 . . . . . . . 1 1 . Protection 2 | . . . . . . . . . 1 . . . 1 . . . . Artifact . | . . . . . . . . . . . . . . . . . . Weapon 34 | 2 1 1 . 4 . 3 2 . 6 . 1 2 1 . 1 4 6 Energy Gun 6 | 1 . . . 2 . 1 . . . . . . . . 1 . 1 Energy Cannon 5 | . . 1 . 2 . 2 . . . . . . . . . . . Ballistic Gun 3 | 1 1 . . . . . 1 . . . . . . . . . . Ballistic Cannon 1 | . . . . . . . . . . . . . . . . 1 . Launcher 4 | . . . . . . . . . . . . . . . . 2 2 Special Weapon 1 | . . . . . . . . . . . . . 1 . . . . Impact Weapon . | . . . . . . . . . . . . . . . . . . Slashing Weapon 2 | . . . . . . . . . . . . . . . . 1 1 Piercing Weapon 8 | . . . . . . . 1 . 6 . 1 . . . . . . Special Melee Weapon 4 | . . . . . . . . . . . . 2 . . . . 2 Unidentified Prototypes 2 | . . . . 2 . . . . . . . . . . . . . Corrupted Parts 2 | . . . . . . . . . . . . . . . 2 . . System Corruption 16 | . . . . . . . . . . . . . . . 16 . . Parts Lost 58 | . 2 6 . . . . . 1 . . 5 . 7 . 16 . 21 Power 7 | . 1 1 . . . . . . . . . . 1 . 2 . 2 Propulsion 22 | . . 3 . . . . . 1 . . 1 . 4 . 6 . 7 Utility 22 | . 1 1 . . . . . . . . 4 . 2 . 5 . 9 Weapon 7 | . . 1 . . . . . . . . . . . . 3 . 3 Highest Loss Streak 21 | . 1 5 . . . . . 1 . . 5 . 4 . 13 . 21 To Critical Strikes 1 | . . . . . . . . . . . . . . . . . 1 Average Slot Usage (%) 71 | . 94 66 44 44 56 58 82 84 80 82 76 81 85 78 77 54 40 Engine 4 | . 10 5 11 11 11 9 7 7 1 . . . . . . . . Core 2 | . . . . . . . . . 4 5 5 5 5 10 2 4 1 Reactor 1 | . . . . . . . . . . . . 3 4 . 3 . 2 Treads 1 | . 10 . . . . . . . . . . . . . . . . Hover 3 | . 16 9 . . . . . . . . . . . . 10 . . Flight 14 | . . 8 22 22 22 19 23 23 21 23 23 21 16 5 5 9 8 Device 14 | . 13 4 . . 12 9 12 20 24 29 19 18 20 15 13 12 10 Storage 2 | . 14 10 . . . . . . . . . . . . . . . Processor 14 | . . 10 11 11 11 19 29 25 18 11 11 16 21 26 21 13 9 Hackware 3 | . . . . . . . 6 7 6 5 5 5 5 5 6 7 4 Energy Gun 1 | . 14 4 . . . . . . . . . . . . . . . Ballistic Gun 1 | . 14 5 . . . . . . . . . . . . . . . Piercing Weapon 1 | . . . . . . . . . 1 . 3 5 5 5 3 . . Naked Turns . | . . . . . . . . . . . . . . . . . . Heaviest Build 45 | 13 14 11 7 7 8 18 11 12 19 20 20 39 41 22 38 45 36 Greatest Support 81 | 40 40 12 8 8 8 12 12 12 20 20 20 40 43 24 81 36 36 Greatest Overweight (x) 5 | . 1 3 . . . 2 . 1 . . . . 1 . 2 1 5 Average Overweight (x) . | . . . . . . . . . . . . . . . . . . Largest Inventory Capacity 8 | 8 8 8 5 5 5 5 5 5 5 5 5 5 5 5 5 5 5 Average Capacity 5 | 6 8 7 5 5 5 5 5 5 5 5 5 5 5 5 5 5 5 Most Carried 7 | 1 7 6 5 5 5 5 5 5 5 5 5 5 5 2 5 5 5 Average Carried 4 | . 3 5 5 4 4 4 4 4 4 4 4 3 4 1 4 4 4 Final Capacity 8 | 8 8 5 5 5 5 5 5 5 5 5 5 5 5 5 5 5 5 Final Carried 7 | 1 7 5 5 5 5 5 4 4 5 5 5 4 2 1 4 5 5 Class Distribution -------------------- 29% | Mutant 21% | Hacker-Scout 21% | Hacker-Mutant 10% | Hacker-Ninja 7% | Hacker-Sprinter 7% | Scout Dominant Class ---------------- Mutant | -10/Materials Mutant | -9/Materials Mutant | -9/Mines Mutant | -9/Exiles Scout | -8/Mines Scout | -8/Materials Hacker-Scout | -7/Factory Hacker-Scout | -7/DSF Hacker-Scout | -6/Factory Hacker-Scout | -5/Factory Hacker-Scout | -5/DSF Hacker-Ninja | -4/Factory Hacker-Ninja | -4/Upper Caves Hacker-Mutant | -4/Upper Caves Hacker-Mutant | -3/Research Hacker-Mutant | -2/Research Mutant | -1/Access Resources | -11 -10 -9 -9 -9 -8 -8 -7 -7 -6 -5 -5 -4 -4 -4 -3 -2 -1 ----------- Run | Jun Mat Mat Min Exi Min Mat Fac DSF Fac Fac DSF Fac Upp Upp Res Res Acc Matter Collected 1253 | 252 121 92 . . 13 74 . . 268 . 7 . 182 . 130 75 39 Remotely . | . . . . . . . . . . . . . . . . . . Salvage Created 1653 | . 309 292 . . . 200 . . 43 . . . 344 . 199 75 191 Parts 93 | . 23 14 . . . 5 . . 2 . . . 16 . 20 5 8 Haulers Intercepted 2 | . 1 . . . . 1 . . . . . . . . . . . Recyclers Shooed 1 | . 1 . . . . . . . . . . . . . . . . Parts Field Recycled . | . . . . . . . . . . . . . . . . . . Retrieved Matter . | . . . . . . . . . . . . . . . . . . Parts Self-Destructed 10 | . . . . . . . . . . . . . 10 . . . . Prevented . | . . . . . . . . . . . . . . . . . . Kills | -11 -10 -9 -9 -9 -8 -8 -7 -7 -6 -5 -5 -4 -4 -4 -3 -2 -1 ------- Run | Jun Mat Mat Min Exi Min Mat Fac DSF Fac Fac DSF Fac Upp Upp Res Res Acc Combat Hostiles Destroyed 32 | . 7 9 . . . 1 . . 1 . . . 3 . 5 1 5 Melee 14 | . . . . . . . . . 1 . . . 3 . 5 1 4 Guns 12 | . 7 5 . . . . . . . . . . . . . . . Cannons 4 | . . 4 . . . . . . . . . . . . . . . AOE 2 | . . . . . . 1 . . . . . . . . . . 1 Classes Destroyed 8 | . 4 1 . . . 1 . . 1 . . . 1 . . . . Worker 1 | . . . . . . 1 . . . . . . . . . . . Hauler 2 | . 1 . . . . 1 . . . . . . . . . . . Watcher 1 | . 1 . . . . . . . . . . . . . . . . Swarmer 14 | . 2 4 . . . . . . . . . . . . 4 . 4 Grunt 9 | . 5 4 . . . . . . . . . . . . . . . Sentry 3 | . . 1 . . . 1 . . . . . . . . . 1 . Hunter 1 | . . . . . . . . . . . . . 1 . . . . Programmer 5 | . . . . . . . . . 1 . . . 2 . 1 . 1 Best Kill Streak 5 | . 3 5 . . . 2 . . 1 . . . 2 . 5 1 3 Combat Bots Only 5 | . 2 5 . . . 1 . . 1 . . . 2 . 5 1 3 Max Kills in Single Turn 1 | . 1 1 . . . 1 . . 1 . . . 1 . 1 1 1 Gunslinging . | . . . . . . . . . . . . . . . . . . Exploded 1 | . . . . . . 1 . . . . . . . . . . 1 Melee 1 | . . . . . . . . . 1 . . . 1 . 1 1 1 Uniques/NPCs Destroyed . | . . . . . . . . . . . . . . . . . . Combat | -11 -10 -9 -9 -9 -8 -8 -7 -7 -6 -5 -5 -4 -4 -4 -3 -2 -1 -------- Run | Jun Mat Mat Min Exi Min Mat Fac DSF Fac Fac DSF Fac Upp Upp Res Res Acc Damage Taken 7066 | . 254 495 . . . 34 . 85 86 . 367 26 762 . 2171 260 2526 Core 3299 | . 62 103 . . . 34 . 9 21 . 40 . 147 . 1131 140 1612 Absorbed by Shields 59 | . . . . . . . . . . . . 18 41 . . . . Regen/Repaired (Parts) 7 | . . . . . . . . . 7 . . . . . . . . Core Remaining (%) 82 | 100 75 . . . 74 93 . 98 97 . 96 . . 87 13 90 . Volleys Fired 74 | . 27 39 . . . 3 . . . . . . 1 . 1 2 1 Largest 2 | . 2 2 . . . 1 . . . . . . 1 . 1 1 1 Hottest 80 | . 60 80 . . . 60 . . . . . . 7 . 75 49 49 Shots Fired 126 | . 54 64 . . . 3 . . . . . . 1 . 1 2 1 Gun 102 | . 54 47 . . . . . . . . . . . . 1 . . Cannon 20 | . . 17 . . . 3 . . . . . . . . . . . Launcher 3 | . . . . . . . . . . . . . . . . 2 1 Special 1 | . . . . . . . . . . . . . 1 . . . . Kinetic 54 | . 27 27 . . . . . . . . . . . . . . . Thermal 64 | . 27 37 . . . . . . . . . . . . . . . Explosive 3 | . . . . . . . . . . . . . . . . 2 1 Electromagnetic 4 | . . . . . . 3 . . . . . . . . 1 . . Robot Hit Streak 14 | . 13 13 . . . 10 . . . . . . 11 . 12 13 14 Robot Miss Streak 5 | . 2 5 . . . . . . . . . . . . . . . Penetration Max . | . . . . . . . . . . . . . . . . . . Secondary Targets 3 | . 1 2 . . . . . . . . . . . . . . . Max Gunslinging Chain 1 | . 1 1 . . . . . . . . . . . . . . . Shots Hit Robots 138 | . 41 46 . . . 3 . . 3 . . . 18 1 13 2 11 Core Hits 65 | . 19 16 . . . 4 . . . . . . 8 . 9 2 7 Critical Kills . | . . . . . . . . . . . . . . . . . . Critical Parts Destroyed . | . . . . . . . . . . . . . . . . . . Critical Strikes 5 | . . . . . . . . . 1 . . . 1 . 2 . 1 Sever 1 | . . . . . . . . . . . . . . . . . 1 Impale 4 | . . . . . . . . . 1 . . . 1 . 2 . . Melee Attacks 130 | . . . . . . . . . 12 . 3 13 23 2 33 4 40 Impact . | . . . . . . . . . . . . . . . . . . Slashing 44 | . . . . . . . . . . . . . . . . 4 40 Piercing 84 | . . . . . . . . . 12 . 3 13 21 2 33 . . Sneak Attacks 1 | . . . . . . . . . . . . . 1 . . . . Combat Hostiles 1 | . . . . . . . . . . . . . 1 . . . . Follow-up Attacks . | . . . . . . . . . . . . . . . . . . Damage Inflicted 3205 | . 474 568 . . . 480 . . 121 . . . 568 31 376 98 489 Guns 765 | . 473 286 . . . . . . . . . . . . 6 . . Cannons 303 | . . 282 . . . 21 . . . . . . . . . . . Explosions 642 | . . . . . . 459 . . . . . . . . . 42 141 Melee 1494 | . . . . . . . . . 121 . . . 568 31 370 56 348 Ramming 1 | . 1 . . . . . . . . . . . . . . . . Kinetic 369 | . 241 128 . . . . . . . . . . . . . . . Thermal 703 | . 232 440 . . . 31 . . . . . . . . . . . Explosive 183 | . . . . . . . . . . . . . . . . 42 141 Electromagnetic 455 | . . . . . . 449 . . . . . . . . 6 . . Impact . | . . . . . . . . . . . . . . . . . . Slashing 404 | . . . . . . . . . . . . . . . . 56 348 Piercing 1090 | . . . . . . . . . 121 . . . 568 31 370 . . Highest Corruption 24 | . . . . . . 9 . . 1 . . . 1 1 24 . 2 Average Corruption 3 | . . . . . . 6 . . 1 . . . 1 1 11 . 1 Corruption Purged 1 | . . . . . . . . . 1 . . . . . . . . Corruption Blocked . | . . . . . . . . . . . . . . . . . . Effects 16 | . . . . . . 2 . . 1 . . . 4 1 8 . . Message Errors 8 | . . . . . . 2 . . . . . . 3 . 3 . . Heat Flow Errors 1 | . . . . . . . . . . . . . . . 1 . . Data Loss (minor) 2 | . . . . . . . . . . . . . 1 . 1 . . Data Loss (major) 1 | . . . . . . . . . . . . . . 1 . . . Alerts 1 | . . . . . . . . . 1 . . . . . . . . Misdirections 3 | . . . . . . . . . . . . . . . 3 . . Overload Shots . | . . . . . . . . . . . . . . . . . . Overflow Damage 65 | . . . . . . . . . 48 . . . . . . . 17 Projectiles . | . . . . . . . . . . . . . . . . . . Explosions 11 | . . . . . . . . . . . . . . . . . 11 Melee 54 | . . . . . . . . . 48 . . . . . . . 6 Knockbacks . | . . . . . . . . . . . . . . . . . . Impact . | . . . . . . . . . . . . . . . . . . Kinetic . | . . . . . . . . . . . . . . . . . . Secondary . | . . . . . . . . . . . . . . . . . . Self-Inflicted Damage 101 | . . . . . . 34 . . . . . . . . . 67 . Shots 2 | . . . . . . 1 . . . . . . . . . 1 . Rammed 2 | . 1 . . . . . . . . . . . . . 1 . . Targets Rammed 2 | . 1 . . . . . . . . . . . . . 1 . . Kicked . | . . . . . . . . . . . . . . . . . . Crushed . | . . . . . . . . . . . . . . . . . . Highest Temperature 325 | . 153 95 . . . 16 . . 2 . 1 . 10 . 325 . . Average Temperature 86 | . 43 27 . . . 11 . . 2 . 1 . 5 . 145 . . Received Heat Transfer 888 | . 111 252 . . . . . . 27 . 78 . 51 . 117 54 198 Effects 2 | . . . . . . . . . . . . . . . 2 . . Energy Bleed 2 | . . . . . . . . . . . . . . . 2 . . Siege Activations . | . . . . . . . . . . . . . . . . . . Robots Corrupted 1 | . . . . . . 1 . . . . . . . . . . . Combat Hostiles . | . . . . . . . . . . . . . . . . . . Parts Fried 5 | . . . . . . 5 . . . . . . . . . . . Impact Corruptions . | . . . . . . . . . . . . . . . . . . Robots Melted . | . . . . . . . . . . . . . . . . . . Combat Hostiles . | . . . . . . . . . . . . . . . . . . Parts Melted 3 | . . 3 . . . . . . . . . . . . . . . Heat Transferred 1517 | . 525 942 . . . 50 . . . . . . . . . . . Parts Sabotaged . | . . . . . . . . . . . . . . . . . . Parts Stolen 1 | . . . . . . . . . . . . . . 1 . . . Parts Stripped . | . . . . . . . . . . . . . . . . . . Power Chain Reactions . | . . . . . . . . . . . . . . . . . . Missiles Intercepted . | . . . . . . . . . . . . . . . . . . Latent Energy Used 546 | . . . . . . 546 . . . . . . . . . . . LE Corruption 9 | . . . . . . 9 . . . . . . . . . . . Alert | -11 -10 -9 -9 -9 -8 -8 -7 -7 -6 -5 -5 -4 -4 -4 -3 -2 -1 ------- Run | Jun Mat Mat Min Exi Min Mat Fac DSF Fac Fac DSF Fac Upp Upp Res Res Acc Peak Influence 371 | . 259 225 74 . . 205 98 59 275 115 70 222 . . 177 371 316 Initial 194 | . . 1 74 . . . 79 59 22 115 70 9 . . 4 86 194 Average 91 | . 78 122 74 . . 66 79 55 89 115 41 77 . . 46 167 266 Maximum Alert Level 1 | . 1 1 . . . 1 . . 1 . . 1 . . . 1 1 Low Security (%) 86 | 100 88 88 100 . 100 94 100 100 91 100 100 98 . . 100 77 2 Level 1 13 | . 11 11 . . . 5 . . 8 . . 1 . . . 22 97 Level 2 . | . . . . . . . . . . . . . . . . . . Level 3 . | . . . . . . . . . . . . . . . . . . Level 4 . | . . . . . . . . . . . . . . . . . . Level 5 . | . . . . . . . . . . . . . . . . . . High Security . | . . . . . . . . . . . . . . . . . . Max Security . | . . . . . . . . . . . . . . . . . . Squads Dispatched 11 | . . . . . . 1 . 1 1 . . . . . 2 4 2 Investigation 1 | . . . . . . . . . . . . . . . . 1 . Extermination 4 | . . . . . . . . . 1 . . . . . 1 1 1 Reinforcement 5 | . . . . . . 1 . 1 . . . . . . . 2 1 Assault 1 | . . . . . . . . . . . . . . . 1 . . Garrison . | . . . . . . . . . . . . . . . . . . Intercept . | . . . . . . . . . . . . . . . . . . Searches Triggered . | . . . . . . . . . . . . . . . . . . Construction Impeded . | . . . . . . . . . . . . . . . . . . Haulers Reinforced . | . . . . . . . . . . . . . . . . . . Active Scanning Responses . | . . . . . . . . . . . . . . . . . . Cargo Convoy Interrupts . | . . . . . . . . . . . . . . . . . . Stealth | -11 -10 -9 -9 -9 -8 -8 -7 -7 -6 -5 -5 -4 -4 -4 -3 -2 -1 --------- Run | Jun Mat Mat Min Exi Min Mat Fac DSF Fac Fac DSF Fac Upp Upp Res Res Acc Distress Signals 10 | . . 5 . . . . . . 2 . . . . . 2 . 1 Communications Jammed 2 | . . . . . . . . . . . . . . . 2 . . Distress Signals 2 | . . . . . . . . . . . . . . . 2 . . Times Spotted 159 | . 16 19 . . . 1 . 3 19 . 3 9 16 2 30 16 25 Peak Tracking Total 13 | . 5 13 . . . 1 . 3 10 . 3 6 8 1 13 9 12 Tactical Retreats 24 | . 1 2 . . . . . . 5 . . 1 3 . 6 4 2 Traps | -11 -10 -9 -9 -9 -8 -8 -7 -7 -6 -5 -5 -4 -4 -4 -3 -2 -1 ------- Run | Jun Mat Mat Min Exi Min Mat Fac DSF Fac Fac DSF Fac Upp Upp Res Res Acc Traps Triggered 5 | . 1 . . . . . . . . . . . . . 2 2 . Indirectly . | . . . . . . . . . . . . . . . . . . Trap Hack Attempts . | . . . . . . . . . . . . . . . . . . Triggered . | . . . . . . . . . . . . . . . . . . Disarmed . | . . . . . . . . . . . . . . . . . . Reprogrammed . | . . . . . . . . . . . . . . . . . . Reused . | . . . . . . . . . . . . . . . . . . Traps Extracted . | . . . . . . . . . . . . . . . . . . Installed . | . . . . . . . . . . . . . . . . . . Triggered . | . . . . . . . . . . . . . . . . . . Machines | -11 -10 -9 -9 -9 -8 -8 -7 -7 -6 -5 -5 -4 -4 -4 -3 -2 -1 ---------- Run | Jun Mat Mat Min Exi Min Mat Fac DSF Fac Fac DSF Fac Upp Upp Res Res Acc Machines Disabled 5 | . . . . . . 5 . . . . . . . . . . . Max in Single Turn 3 | . . . . . . 3 . . . . . . . . . . . Garrison Access 1 | . . . . . . . . . . . . . . . 1 . . Machines Repaired . | . . . . . . . . . . . . . . . . . . Machines Sabotaged . | . . . . . . . . . . . . . . . . . . Overloaded Fab Kills . | . . . . . . . . . . . . . . . . . . Hacking | -11 -10 -9 -9 -9 -8 -8 -7 -7 -6 -5 -5 -4 -4 -4 -3 -2 -1 --------- Run | Jun Mat Mat Min Exi Min Mat Fac DSF Fac Fac DSF Fac Upp Upp Res Res Acc Machines Accessed 31 | . 4 1 . 5 . 1 2 . 9 1 . 4 . . 1 3 . Terminals 19 | . 4 1 . . . 1 1 . 6 1 . 2 . . 1 2 . Fabricators 2 | . . . . . . . . . . . . 1 . . . 1 . Repair Stations 1 | . . . . . . . . . 1 . . . . . . . . Recycling Units . | . . . . . . . . . . . . . . . . . . Scanalyzers 3 | . . . . . . . 1 . 1 . . 1 . . . . . Garrison Access 1 | . . . . . . . . . 1 . . . . . . . . Total Hacks 137 | . 18 3 . 50 . 3 8 . 22 2 . 19 . . 1 11 . Successful 107 | . 9 1 . 50 . 3 8 . 11 1 . 15 . . 1 8 . Failed 30 | . 9 2 . . . . . . 11 1 . 4 . . . 3 . Catastrophic 4 | . 2 . . . . . . . 1 . . 1 . . . . . Database Lockouts . | . . . . . . . . . . . . . . . . . . Manual 28 | . 13 3 . 2 . 5 . . 4 . . . . . . 1 . Terminals 54 | . 18 3 . . . 3 1 . 13 2 . 4 . . 1 9 . Fabricators 4 | . . . . . . . . . . . . 2 . . . 2 . Repair Stations 3 | . . . . . . . . . 3 . . . . . . . . Recycling Units . | . . . . . . . . . . . . . . . . . . Scanalyzers 24 | . . . . . . . 7 . 4 . . 13 . . . . . Garrison Access 2 | . . . . . . . . . 2 . . . . . . . . Terminal Hacks 80 | . 9 1 . 50 . 3 1 . 5 1 . 3 . . 1 6 . Record 49 | . . . . 49 . . . . . . . . . . . . . Part Schematic 1 | . . . . . . . . . 1 . . . . . . . . Prototype ID Bank 9 | . 4 . . . . . . . 3 . . . . . . 2 . Open DSF 5 | . . . . . . . 1 . 1 1 . 1 . . 1 . . Garrison Index 1 | . 1 . . . . . . . . . . . . . . . . Unreport Threat 2 | . 1 1 . . . . . . . . . . . . . . . Locate Traps 3 | . . . . . . 2 . . . . . 1 . . . . . Extermination Status 1 | . . . . . . . . . . . . . . . . 1 . Recall Extermination 1 | . . . . . . . . . . . . . . . . 1 . Recall Reinforcements 2 | . 1 . . . . . . . . . . . . . . 1 . Registered Prototypes 1 | . 1 . . . . . . . . . . . . . . . . Zone Layout 4 | . 1 . . . . 1 . . . . . 1 . . . 1 . EX-Prototype ID Bank 1 | . . . . 1 . . . . . . . . . . . . . Fabricator Hacks 2 | . . . . . . . . . . . . . . . . 2 . Load Schematic 1 | . . . . . . . . . . . . . . . . 1 . Build 1 | . . . . . . . . . . . . . . . . 1 . Repair Station Hacks 2 | . . . . . . . . . 2 . . . . . . . . Scan Component 1 | . . . . . . . . . 1 . . . . . . . . Repair 1 | . . . . . . . . . 1 . . . . . . . . Recycling Unit Hacks . | . . . . . . . . . . . . . . . . . . Scanalyzer 23 | . . . . . . . 7 . 4 . . 12 . . . . . Insert Component 10 | . . . . . . . 3 . 2 . . 5 . . . . . Analyze 13 | . . . . . . . 4 . 2 . . 7 . . . . . Garrison Access Hacks . | . . . . . . . . . . . . . . . . . . Unauthorized Hacks . | . . . . . . . . . . . . . . . . . . Terminals . | . . . . . . . . . . . . . . . . . . Fabricators . | . . . . . . . . . . . . . . . . . . Repair Stations . | . . . . . . . . . . . . . . . . . . Recycling Units . | . . . . . . . . . . . . . . . . . . Scanalyzers . | . . . . . . . . . . . . . . . . . . Garrison Access . | . . . . . . . . . . . . . . . . . . Data Cores Recovered . | . . . . . . . . . . . . . . . . . . Used . | . . . . . . . . . . . . . . . . . . Hacking Detections 20 | . 3 1 . . . 1 . . 9 . . 3 . . . 3 . Full Trace Events 1 | . . . . . . . . . . . . . . . . 1 . Feedback Events . | . . . . . . . . . . . . . . . . . . Feedback Blocked . | . . . . . . . . . . . . . . . . . . Robot Schematics Acquired . | . . . . . . . . . . . . . . . . . . Robots Built . | . . . . . . . . . . . . . . . . . . Authchips . | . . . . . . . . . . . . . . . . . . Time . | . . . . . . . . . . . . . . . . . . Total Robot Build Rating . | . . . . . . . . . . . . . . . . . . Part Schematics Acquired 10 | . . . . . . . 2 . 3 . . 5 . . . . . Parts Built 2 | . . . . . . . . . . . . . . . . 2 . Authchips . | . . . . . . . . . . . . . . . . . . Time 20 | . . . . . . . . . . . . . . . . 20 . Total Part Build Rating 4 | . . . . . . . . . . . . . . . . 4 . Parts Repaired 1 | . . . . . . . . . 1 . . . . . . . . Time 16 | . . . . . . . . . 16 . . . . . . . . Parts Recycled . | . . . . . . . . . . . . . . . . . . Recycled Matter . | . . . . . . . . . . . . . . . . . . Retrieved Matter . | . . . . . . . . . . . . . . . . . . Retrieved Components . | . . . . . . . . . . . . . . . . . . Parts Scanalyzed 9 | . . . . . . . 2 . 2 . . 5 . . . . . Part Schematics Acquired 9 | . . . . . . . 2 . 2 . . 5 . . . . . Parts Damaged . | . . . . . . . . . . . . . . . . . . Bothacking | -11 -10 -9 -9 -9 -8 -8 -7 -7 -6 -5 -5 -4 -4 -4 -3 -2 -1 ------------ Run | Jun Mat Mat Min Exi Min Mat Fac DSF Fac Fac DSF Fac Upp Upp Res Res Acc Used RIF Installer . | . . . . . . . . . . . . . . . . . . Robots Hacked . | . . . . . . . . . . . . . . . . . . Non-combat . | . . . . . . . . . . . . . . . . . . Combat . | . . . . . . . . . . . . . . . . . . Robot Hacks Applied . | . . . . . . . . . . . . . . . . . . Relay Couplers Released 1 | . . . . . . . . . . . . . . . 1 . . Machine Destruction 1 | . . . . . . . . . . . . . . . 1 . . Fabnet Peak Effective % . | . . . . . . . . . . . . . . . . . . Robots Rewired . | . . . . . . . . . . . . . . . . . . Allies Hacked . | . . . . . . . . . . . . . . . . . . Hacks Repelled . | . . . . . . . . . . . . . . . . . . Allies | -11 -10 -9 -9 -9 -8 -8 -7 -7 -6 -5 -5 -4 -4 -4 -3 -2 -1 -------- Run | Jun Mat Mat Min Exi Min Mat Fac DSF Fac Fac DSF Fac Upp Upp Res Res Acc Total Allies . | . . . . . . . . . . . . . . . . . . Largest Group . | . . . . . . . . . . . . . . . . . . Highest-Rated Group . | . . . . . . . . . . . . . . . . . . Highest-Rated Ally . | . . . . . . . . . . . . . . . . . . Total Orders . | . . . . . . . . . . . . . . . . . . Ally Attacks . | . . . . . . . . . . . . . . . . . . Total Damage . | . . . . . . . . . . . . . . . . . . Kills . | . . . . . . . . . . . . . . . . . . Allies Corrupted . | . . . . . . . . . . . . . . . . . . Allies Melted . | . . . . . . . . . . . . . . . . . . Intel | -11 -10 -9 -9 -9 -8 -8 -7 -7 -6 -5 -5 -4 -4 -4 -3 -2 -1 ------- Run | Jun Mat Mat Min Exi Min Mat Fac DSF Fac Fac DSF Fac Upp Upp Res Res Acc Robot Analysis Total . | . . . . . . . . . . . . . . . . . . Derelict Logs Recovered 1 | . . . . . . . . . . . . . 1 . . . . Drone Launches . | . . . . . . . . . . . . . . . . . . Drone Recoveries . | . . . . . . . . . . . . . . . . . . Exploration | -11 -10 -9 -9 -9 -8 -8 -7 -7 -6 -5 -5 -4 -4 -4 -3 -2 -1 ------------- Run | Jun Mat Mat Min Exi Min Mat Fac DSF Fac Fac DSF Fac Upp Upp Res Res Acc Turns Passed 4656 | 72 435 318 24 356 412 108 192 24 717 140 28 172 443 126 513 297 279 Spaces Moved 6810 | 44 410 273 20 912 265 208 225 50 968 157 56 379 954 302 704 653 230 Core 220 | 7 . 3 . . . . . . . . . . . . 110 13 87 Treads 109 | 37 72 . . . . . . . . . . . . . . . . Legs . | . . . . . . . . . . . . . . . . . . Wheels . | . . . . . . . . . . . . . . . . . . Hover 597 | . 338 139 . . . . . . . . . . . . 120 . . Flight 5884 | . . 131 20 912 265 208 225 50 968 157 56 379 954 302 474 640 143 Fastest Speed 28 | 50 56 37 37 37 37 32 32 30 28 28 28 29 29 40 37 28 28 Average Speed 39 | 142 75 48 37 37 37 38 32 36 28 28 28 29 34 40 44 35 54 Slowest Speed 300 | 160 160 200 37 37 37 197 32 114 30 28 29 29 120 40 150 108 300 Overloaded Moves . | . . . . . . . . . . . . . . . . . . Propulsion Burnouts . | . . . . . . . . . . . . . . . . . . Robots Hopped 15 | . . . . . 4 . . . 3 . . 1 . . 5 1 1 Cave-ins Triggered . | . . . . . . . . . . . . . . . . . . Exploration Rate (%) 33 | 3 52 24 8 94 63 29 6 49 28 5 85 15 69 34 21 18 8 Regions Visited 17 Branch Regions 5 Pre-discovered Areas 2 | . . . . 1 . . . . . . . . 1 . . . . Known Exits Taken 7 | . . . . . . . 1 . . 1 . 1 1 1 1 1 . Unknown Exits Taken 8 | 1 1 1 1 1 1 1 . . 1 . . . . . . . . Scrap Searched 2 | . . . . . 1 . . . . . . . 1 . . . . Spaces Dug 86 | . . . . . . . . . 7 . . 7 5 1 16 28 22 Terrain Destroyed 203 | . . . . . . 92 . . 7 . . 7 5 1 16 46 29 Melee 61 | . . . . . . . . . 7 . . 7 5 1 16 3 22 Projectile . | . . . . . . . . . . . . . . . . . . AOE 142 | . . . . . . 92 . . . . . . . . . 43 7 Terrain Rammed . | . . . . . . . . . . . . . . . . . . Walls Destroyed . | . . . . . . . . . . . . . . . . . . Machines Disabled . | . . . . . . . . . . . . . . . . . . Actions | -11 -10 -9 -9 -9 -8 -8 -7 -7 -6 -5 -5 -4 -4 -4 -3 -2 -1 --------- Run | Jun Mat Mat Min Exi Min Mat Fac DSF Fac Fac DSF Fac Upp Upp Res Res Acc Total 8431 | 51 483 401 35 931 574 232 342 54 1385 252 62 419 1039 303 842 707 319 Wait 1199 | . 30 74 16 6 311 9 108 . 380 94 . 6 45 . 69 20 31 Move 6763 | 43 409 272 19 911 256 207 224 49 961 156 55 376 953 301 693 650 228 Hop 15 | . . . . . 4 . . . 3 . . 1 . . 5 1 1 Pick Up 36 | 2 7 2 . 1 . 1 1 1 6 . 2 2 3 . 4 4 . Fast Attach 75 | 5 3 3 . 4 1 4 5 1 4 . . 8 1 . 15 12 9 Attach 49 | 1 2 6 . 1 1 3 . 1 8 1 2 6 5 . 3 7 2 Detach 29 | . . 2 . 2 1 3 1 . 5 1 . 3 1 . 3 5 2 Swap 10 | . 1 . . . . . 1 1 1 . . . 3 . 2 . 1 Drop 45 | . 3 3 . 6 . 2 2 1 5 . . 4 4 . 9 2 4 Fire 74 | . 27 39 . . . 3 . . . . . . 1 . 1 2 1 Melee 130 | . . . . . . . . . 12 . 3 13 23 2 33 4 40 Ram 2 | . 1 . . . . . . . . . . . . . 1 . . Kick . | . . . . . . . . . . . . . . . . . . Crush . | . . . . . . . . . . . . . . . . . . Escape Stasis 4 | . . . . . . . . . . . . . . . 4 . . Rewire . | . . . . . . . . . . . . . . . . . . Trap . | . . . . . . . . . . . . . . . . . . Miscellaneous . | . . . . . . . . . . . . . . . . . . Route ------- -11/Junkyard -10/Materials (discovered 4 exits: *Mat x2 / [*Min x2]) -9/Materials -9/Mines -9/Exiles (discovered 2 exits: [*Min x2]) -8/Mines -8/Materials (discovered 2 exits: *Fac x2) -7/Factory -7/DSF -6/Factory (discovered 2 exits: *Fac / [*Low]) -5/Factory -5/DSF -4/Factory -4/Upper Caves -4/Upper Caves -3/Research -2/Research -1/Access History --------- Turn | Location | Event 8 | -11/Junkyard | Discovered new exit (range 14) 73 | -11/Junkyard | Entered Materials 178 | -10/Materials | Discovered new exit (range 4) 279 | -10/Materials | Discovered new exit (range 9) 314 | -10/Materials | Build established: Mutant 450 | -10/Materials | Discovered new exit (range 16) 469 | -10/Materials | Discovered new exit (range 15) 508 | -10/Materials | Entered another Materials area 508 | -9/Materials | Evolved 2 slots: Utility x2 662 | -9/Materials | Met 8R-AWN 688 | -9/Materials | Lost 5 parts (1p2n1u1w) 783 | -9/Materials | Discovered new exit (range 7) 826 | -9/Materials | Entered Mines 827 | -9/Mines | Followed 8R-AWN into the Mines 846 | -9/Mines | Discovered new exit (range 5) 850 | -9/Mines | Entered Exiles 858 | -9/Exiles | Discovered new exit (range 15) 864 | -9/Exiles | Welcomed by 8R-AWN 874 | -9/Exiles | Met EX-HEX 890 | -9/Exiles | Met EX-DEC 914 | -9/Exiles | Visited The Gauntlet 1005 | -9/Exiles | Met EX-BIN 1010 | -9/Exiles | Aligned with FarCom system 1010 | -9/Exiles | Given EX-Vault access code 1045 | -9/Exiles | Opened EX-Vault 1047 | -9/Exiles | Found Prototype Energy Gun 1047 | -9/Exiles | Identified AWS/Thermal 1050 | -9/Exiles | Found Prototype Energy Cannon 1050 | -9/Exiles | Identified Latent Energy Streamer 1073 | -9/Exiles | Warned to stay clear of 0b10 Research branches 1091 | -9/Exiles | Learned location of Zion (-7) 1101 | -9/Exiles | Discovered new exit (range 14) 1139 | -9/Exiles | Learned about 8R-AWN's background 1206 | -9/Exiles | Stole two prototypes: AWS/Thermal, Latent Energy Streamer 1206 | -9/Exiles | Entered Mines 1607 | -8/Mines | Discovered new exit (range 15) 1618 | -8/Mines | Entered Materials 1618 | -8/Materials | Evolved 2 slots: Propulsion x1, Utility x1 1624 | -8/Materials | Build established: Scout 1699 | -8/Materials | Discovered new exit (range 18) 1721 | -8/Materials | Discovered new exit (range 17) 1726 | -8/Materials | Entered Factory 1726 | -7/Factory | Evolved 2 slots: Utility x2 1728 | -7/Factory | FarCom data flow suspended 1917 | -7/Factory | Identified exit to DSF 1918 | -7/Factory | Entered DSF 1931 | -7/DSF | Discovered new exit (range 20) 1942 | -7/DSF | Entered Factory 1942 | -6/Factory | Evolved 2 slots: Propulsion x1, Utility x1 1958 | -6/Factory | Build established: Hacker-Scout 2323 | -6/Factory | Repaired VTOL Module 2650 | -6/Factory | Discovered new exit (range 20) 2655 | -6/Factory | Discovered new exit (range 19) 2659 | -6/Factory | Entered another Factory area 2659 | -5/Factory | Evolved 2 slots: Power x1, Utility x1 2799 | -5/Factory | Identified exit to DSF 2799 | -5/Factory | Entered DSF 2819 | -5/DSF | Additional patrols routed to DSF 2821 | -5/DSF | Discovered new exit (range 17) 2827 | -5/DSF | Entered Factory 2827 | -4/Factory | Evolved 2 slots: Propulsion x1, Utility x1 2857 | -4/Factory | Lost 5 parts (1n4u) 2991 | -4/Factory | Discovered new exit (range 16) 2996 | -4/Factory | Identified exit to Upper Caves 2999 | -4/Factory | Entered Upper Caves 3096 | -4/Upper Caves | Build established: Hacker-Ninja 3321 | -4/Upper Caves | Lost 4 parts (3n1u) 3408 | -4/Upper Caves | Attracted the attention of an 0b10 outpost 3410 | -4/Upper Caves | Spotted B-86 Titan 3436 | -4/Upper Caves | Discovered new exit (range 15) 3442 | -4/Upper Caves | Identified exit to Upper Caves 3442 | -4/Upper Caves | Entered another Upper Caves area 3442 | -4/Upper Caves | Spotted 0A-YSO(f) 3443 | -4/Upper Caves | Encountered a Master Thief 3443 | -4/Upper Caves | Latent Energy Streamer stolen by Master Thief 3445 | -4/Upper Caves | Discovered new exit (range 13) 3484 | -4/Upper Caves | Spotted B-86 Titan 3567 | -4/Upper Caves | Identified exit to Research 3568 | -4/Upper Caves | Entered Research 3568 | -3/Research | Evolved 2 slots: Propulsion x1, Utility x1 3637 | -3/Research | Build established: Hacker-Mutant 3678 | -3/Research | Found Antimissile System 3698 | -3/Research | Identified exit to DSF 4001 | -3/Research | System corruption reached 10% 4016 | -3/Research | Spotted B-86 Titan 4027 | -3/Research | Core integrity fell below 50% 4069 | -3/Research | Lost 13 parts (1p5n5u2w) 4071 | -3/Research | Discovered new exit (range 21) 4079 | -3/Research | Core integrity fell below 20% 4081 | -3/Research | Identified exit to Research 4081 | -3/Research | Entered another Research area 4081 | -2/Research | Evolved 2 slots: Utility x2 4277 | -2/Research | Fabricated VTOL Module (x2) 4309 | -2/Research | Discovered new exit (range 22) 4341 | -2/Research | Spotted B-90 Cyclops 4378 | -2/Research | Identified exit to Access 4378 | -2/Research | Entered Access 4378 | -1/Access | Evolved 2 slots: Utility x2 4604 | -1/Access | Core integrity fell below 50% 4655 | -1/Access | Core integrity fell below 20% 4657 | -1/Access | Destroyed by G-73 Enforcer with Heavy Laser Last Messages --------------- 04602_ Dropped Adv. ECM Suite. 04603_ Slug penetrates Wall. 04603_ Penetrated by Slug. 04621_ Slug penetrates Wall. 04628_ ALERT: Rogue bot located, Programmers report to Access Zone 9C. 04628_ Chainsword destroyed. 04640_ Slug penetrates Wall. 04640_ Acquired Adv. Hardlight Generator. 04652_ Slug penetrates Wave Collapse Detector. 04653_ ALERT: Security rotation in progress. 04653_ Penetrated by Slug. 04653_ Adv. Hardlight Generator destroyed. 04655_ Wave Collapse Detector explodes. 04655_ H-88 Terminator destroyed. 04655_ G-73 Enforcer destroyed. 04655_ Wave Collapse Detector explodes. 04655_ G-73 Enforcer destroyed. 04656_ Penetrated by Slug. 04656_ Acquired Phase Gun. 04656_ Phase Gun destroyed. Map ----- +----------------------------------------------------+ | ?????? ?# | | ??????? # | | ???????? # | | ??????? + | | ?????????# | | ?????????# | | ?????????# | | ?????????# ###########"# | | ?????????# #????????# # | | ?????????# #?????????# # | | ?????????# #?????????### | | ?????????# #??????####"# | | ?????????# ##?????# | | ?????????# ;###???# | | ?????????# #;;##### | | ########## ;#] # | | #! # ## ! # | | # # ## # | | # # ##! # | | # g ;# % # | | # #" # ! | | Y ## # | | g ####/### | | + | | =g ##+### | | @ ! | | %%[ ! | | p !% | | p ###### | | ???# | | # ?# | | h # ! # | | # #?! # | | # !#?? + | | ##########??? # | | ?????????????? # ############# | | ???????????????# #???????????? | | ???????????????# ????????????? | | ???????????????# ????????????? | | ???????????????? ????????????? | | ?????????????????????????????? | | ?????????????????????????????? | | ?????????????????????????????? | | ?????????????????????????????? | | ?????????????????????????????? | | ?????????????????????????????? | | ?????????????????????????????? | | ?????????????????????????????? | | ?????????????????????????????? | | ?????????????????????????????? | +----------------------------------------------------+ Best States ------------- Heat Dissipation 68 Energy Generation 39 Energy Capacity 390 Matter Stores 300 Matter Capacity 300 Sight Range 22 Terrain Scan Range 16 Terrain Scan Density 210 ECM Strength 2 Jamming Range 14 Cloak Strength 4 Additional Mass Support 9 Armor Coverage 225 Resistance: KI 20 Resistance: TH 50 Resistance: EX 20 Resistance: EM 20 Resistance: I 20 Resistance: S 20 Resistance: P 20 Point Defense Rating 240 Evasion (%) 74 Targeting Accuracy 14 Melee Accuracy 8 Recoil Reduction 2 Offensive Hacking 20 Defensive Hacking 10 Item Schematics ----------------- Lgt. Nuclear Core | -7/Factory | Scanalyzed VTOL Module | -7/Factory | Scanalyzed Adv. System Shield | -6/Factory | Hacked Spear | -6/Factory | Scanalyzed Drone Bay | -6/Factory | Scanalyzed Adv. Melee Analysis Suite | -4/Factory | Scanalyzed Lyr. Light Armor Plating | -4/Factory | Scanalyzed Adv. Weight Redist. System | -4/Factory | Scanalyzed Adv. Datajack | -4/Factory | Scanalyzed Adv. Shield Generator | -4/Factory | Scanalyzed Robot Schematics ------------------ None Fabricated ------------ VTOL Module | x2 | -2/Research Alien Tech Used ----------------- None Achievements -------------- Dangerous Findings Denied? Omniscient Cartographer Respectable Loadout Slippery One root@ Challenges ------------ None Game ------ Seed GuidanceSmallTrap Manual? 0 Play Time 02:34:52 Cumulative 26.0 hours Start 2023.09.20 @ 10:41:42 End 2023.09.20 @ 15:33:04 Sessions 5 Manual Loads 0 Difficulty Adventurer Special Mode None Game No. 17 Rogue 0 Adventurer 17 Explorer 0 Win Type - Total 0 Types 0/0/0/0/0/0/0/0/0 Lore% 21 Gallery% 29 Achievement% 23 Wizard Run 0 Options --------- ASCII 0 Keyboard 0 Movement Mouse Keybinds 0 Fullscreen 1 Font 18/SmallcapsGlow Map View 76x50 Tactical HUD 1 Map Filters NONE Filters NONE Steam 1 RUN: c5e85bb7-f25e-43a7-9a3e-8b46989a0313